 Dungeon Crawl Stone Soup version 0.27-a0-686-gaed091b46b (webtiles) character file.

Game seed: 13212802362034687283

41 hobsini2 the Chucker (level 3, -6/28 HPs)
             Began as a Merfolk Hunter on Mar 20, 2021.
             Mangled by a worm (8 damage)
             ... on level 2 of the Dungeon on Mar 21, 2021.
             The game lasted 00:06:24 (1020 turns).

hobsini2 the Chucker (Merfolk Hunter)               Turns: 1020, Time: 00:06:25

Health: -6/28      AC:  3    Str: 13    XL:     3   Next: 52%
Magic:  3/3        EV: 12    Int: 10    God:
Gold:   20         SH:  0    Dex: 14    Spells: 2/2 levels left

rFire    . . .     SeeInvis .   j - +0 short sword
rCold    . . .     Faith    .   (no shield)
rNeg     . . .     Spirit   .   b - +0 leather armour
rPois    .         Reflect  .   (no helmet)
rElec    .         Harm     .   (no cloak)
rCorr    .         Rampage  .   (no gloves)
Will     .....                  (no boots)
Stlth    ++........             (no amulet)
HPRegen  0.09/turn              (no ring)
MPRegen  0.08/turn              (no ring)

@: no status effects
A: (nimble swimmer 2), mertail
a: no special abilities


You were on level 2 of the Dungeon.
You visited 1 branch of the dungeon, and saw 2 of its levels.

You collected 20 gold pieces.

Inventory:

Hand Weapons
 a - a +0 short sword
 g - a +0 whip
 j - a +0 short sword (weapon)
Missiles
 c - 6 javelins (quivered)
 d - 2 throwing nets
 i - 28 bolts
Armour
 b - a +0 leather armour (worn)
Scrolls
 f - a scroll of identify {unknown}
 h - a scroll of enchant armour {unknown}
Potions
 e - a potion of heal wounds {unknown}
 k - a potion of might {unknown}


   Skills:
 + Level 2.4 Fighting
 + Level 0.8 Short Blades
 + Level 4.6 Throwing
 + Level 0.5 Armour
 + Level 3.0 Dodging
 + Level 1.2 Stealth


You had 2 spell levels left.
You didn't know any spells.
Your spell library was empty.

Dungeon Overview and Level Annotations

Branches:
Dungeon (2/15)

Altars:


Innate Abilities, Weirdness & Mutations

((You are quick and stealthy while swimming. (Stealth+, EV+, Speed+++)))
Your lower body shifts to a powerful aquatic tail in water.


Message History

Found 24 stones.
Found a bubbling silvery potion and 8 gold pieces.
You feel sick.
You see here a +0 short sword.
j - a +0 short sword
Found a scroll labelled VOAZOR IMPUESH.
Found a stone staircase leading down.
j - a +0 short sword (weapon)
An adder comes into view.
You feel sick.
You are no longer poisoned.
You see here a bubbling silvery potion.
k - a bubbling silvery potion The adder hisses angrily.
You closely miss the adder. The adder misses you.
You closely miss the adder. The adder barely misses you.
You hit the adder.
The adder is lightly wounded.
The adder misses you. The adder barely misses you.
You miss the adder.
The adder is lightly wounded.
The adder closely misses you.
You miss the adder.
The adder is lightly wounded.
The adder closely misses you. The worm barely misses you.
You hit the adder.
The adder is heavily wounded.
The adder bites you.
* * * LOW HITPOINT WARNING * * *
The adder closely misses you. The worm bites you but does no damage.
You miss the adder.
The adder is heavily wounded.
The adder completely misses you.
You hit the adder.
You kill the adder!
The worm closely misses you.
You barely miss the worm. The worm closely misses you.
You hit the worm.
The worm is lightly wounded.
The worm bites you!
You die...

⌠. ##.... #. #. ..#.# #.
##.######.#.##.
#.........<.... #
#.............##########
..###.>.........###.........
#..........$..#.†...........
..........w...#.##..........
###.#......@..#.##..........
#......(....#.###.........
####..###.##..............
#######.###.##..###.........
................# #.........
###....##.#.###.# #.........
....... #....##.# #.........
....##..........# ##########
#.## ###.###S#..#


You could see a worm.

Vanquished Creatures
  2 adders (D:2)
  An ooze (D:1)
  2 bats
  2 goblins (D:1)
  2 hobgoblins (D:1)
  3 jackals (D:1)
  A quokka (D:1)
  4 frilled lizards
  2 rats (D:1)
19 creatures vanquished.

Notes
Turn   | Place    | Note
-------+----------+-------------------------------------------
     0 | D:1      | hobsini2 the Merfolk Hunter began the quest for the Orb.
     0 | D:1      | Reached XP level 1. HP: 16/16 MP: 1/1
   425 | D:1      | Reached XP level 2. HP: 12/22 MP: 2/2
   976 | D:2      | Reached XP level 3. HP: 9/28 MP: 3/3
  1020 | D:2      | Mangled by a worm

Illustrated notes

Levels and vault maps discovered:
D:1:      dpeg_arrival_circle_labyrinth_c, layout_loops_ring
D:2:      layout_rooms, amethyst_overflow_temple_binary

Skill      XL: |  1  2 |
---------------+-------+-----
Dodging        | 3 |  3.0
Fighting       | |  2.4
Short Blades   | |  0.8
Throwing       | |  4.6
Armour         | |  0.5
Stealth        | |  1.2

Action                   || total
-------------------------++-------
Melee: Short sword       ||    85
 Stab: Sleeping          ||     1
Armor: Leather armour    ||    23
Dodge: Dodged            ||    59

Table legend: (Time is in decaauts)
 A = Elapsed time spent in this place.
 B = Non-inter-level travel time spent in this place.
 C = Inter-level travel time spent in this place.
 D = Time resting spent in this place.
 E = Time spent auto-exploring this place.
 F = Levels seen in this place.
 G = Mean time per level.
                   A        B        C        D        E       F      G
               +--------+--------+--------+--------+--------+-----+--------+
         Total |   1026 |   1026 |      0 |      0 |      0 |   2 |  513.0 |
       Dungeon |   1026 |   1026 |      0 |      0 |      0 |   2 |  513.0 |
               +--------+--------+--------+--------+--------+-----+--------+

Top non-repeatable levels by time:
     D:1: 942 daAuts
     D:2: 84 daAuts
